AoeStats
← colafantahunter

Nomad

508065456Analyzed
4v4 RM · 13d ago on Sep 20, 2026· 48m 56s· 8 players
Game mode
Random Map
Map size
231×231
Population
200
Speed
Normal
Resources
Standard
Victory
Conquest
Starting age
Dark Age
Ending age
Imperial Age
RankedLock teamsTeams togetherTeam positionsShared explorationLock speedFull tech treeHidden civsTurbo modeCheats
Victory
Defeat
🇺🇸 Dravidians · United States
1195
+13
🇫🇷 Teutons · France
1173
+14
🇨🇴 Huns · Colombia
1133
+16
🇺🇸 Franks · United States
1122
+16
🇸🇪 Magyars · Sweden
1197
-18
🇸🇪 Hindustanis · Sweden
1196
-17
🇩🇪 Bohemians · Germany
1059
-12
🇦🇷 Bengalis · Argentina
1054
-12
SRBinBlue
5:29 Loom
6:04 Loom
13:27 Feudal Age
20:20 Castle Age
20:20 Forging
21:07 Double-Bit Axe
23:21 Scale Barding Armor
24:44 Iron Casting
25:34 Wheelbarrow
32:12 Chain Barding Armor
32:50 Gold Mining
35:48 Imperial Age
33:39 Husbandry
35:43 Town Watch
35:56 Cavalier
37:39 Blast Furnace
37:30 Gold Mining
39:05 Plate Barding Armor
43:29 Gold Shaft Mining
44:53 Conscription
43:58 Paladin
47:31 Fletching
rastarjr
5:26 Loom
13:24 Feudal Age
14:21 Double-Bit Axe
14:21 Horse Collar
15:29 Fishing Lines
16:13 Gold Mining
20:20 Castle Age
18:27 Padded Archer Armor
18:58 Fletching
19:32 Town Watch
20:23 Wheelbarrow
19:44 Stone Mining
21:12 Bodkin Arrow
21:33 Leather Archer Armor
21:37 Gillnets
23:29 Thumb Ring
27:12 Medical Corps
27:30 Hand Cart
32:39 Ballistics
35:02 Elite Skirmisher
38:14 Heavy Plow
39:19 Town Patrol
40:11 Scale Barding Armor
40:09 Scale Mail Armor
40:19 Forging
42:46 Imperial Age
40:10 Guard Tower
44:15 Elite Elephant Archer
45:08 Bracer
45:37 Siege Elephant
47:43 Chemistry
48:28 Bow Saw
GN | Gohan 薬
9:28 Loom
10:18 Loom
14:26 Feudal Age
17:14 Forging
18:25 Scale Barding Armor
23:53 Castle Age
22:51 Double-Bit Axe
22:48 Horse Collar
26:10 Gold Mining
28:26 Iron Casting
30:14 Bloodlines
30:29 Town Watch
Pims
6:55 Loom
16:30 Feudal Age
17:52 Wheelbarrow
17:07 Horse Collar
19:04 Double-Bit Axe
20:20 Forging
24:47 Castle Age
22:40 Man-at-Arms
24:16 Scale Barding Armor
25:00 Gold Mining
24:57 Long Swordsman
25:52 Gambesons
27:36 Heavy Plow
31:12 Squires
32:59 Chain Barding Armor
35:15 Iron Casting
38:58 Imperial Age
36:09 Pikeman
38:12 Stone Mining
39:17 Hand Cart
38:48 Town Watch
40:25 Halberdier
40:36 Two-Handed Swordsman
41:05 Two-Handed Swordsman
42:26 Conscription
44:18 Plate Barding Armor
44:27 Champion
49:04 Blast Furnace
48:13 Arson
Murkeldjuret. ®
11:26 Loom
13:18 Feudal Age
14:17 Double-Bit Axe
18:57 Castle Age
17:00 Gold Mining
17:01 Stone Mining
18:04 Forging
17:54 Scale Mail Armor
18:52 Wheelbarrow
20:56 Stone Shaft Mining
20:32 Bow Saw
24:51 Gold Shaft Mining
24:43 Hand Cart
27:20 Iron Casting
26:40 Horse Collar
27:53 Chain Mail Armor
28:17 Arson
28:33 Squires
31:30 Fletching
35:29 Gold Shaft Mining
39:53 Imperial Age
41:38 Heavy Camel Rider
42:21 Husbandry
42:33 Bloodlines
42:41 Scale Barding Armor
43:37 Blast Furnace
43:44 Conscription
43:44 Husbandry
43:56 Bloodlines
43:40 Imperial Camel Rider
44:51 Chain Barding Armor
47:29 Plate Barding Armor
Murmeldjuret. ®
5:09 Loom
15:07 Feudal Age
19:55 Castle Age
18:01 Horse Collar
21:50 Scale Barding Armor
25:50 Chain Barding Armor
25:41 Double-Bit Axe
32:25 Bloodlines
38:28 Bow Saw
38:29 Heavy Plow
37:55 Light Cavalry
42:58 Imperial Age
43:32 Cavalier
45:28 Plate Barding Armor
44:59 Paladin
colafantahunter
16:00 Feudal Age
16:04 Loom
16:31 Double-Bit Axe
16:34 Horse Collar
27:59 Castle Age
26:35 Wheelbarrow
26:45 Arson
27:15 Forging
38:01 Bow Saw
43:34 Pikeman
45:21 Squires
46:25 Heavy Plow
PuraTripa
10:30 Loom
15:19 Feudal Age
15:51 Double-Bit Axe
20:12 Castle Age
18:05 Gold Mining
18:32 Fishing Lines
18:40 Horse Collar
19:16 Bloodlines
22:35 Scale Barding Armor
24:30 Husbandry
32:18 Chain Barding Armor
32:09 Forging
31:59 Fletching
34:19 Gillnets
41:14 Coinage
44:18 Wheelbarrow
45:30 Bow Saw
45:45 Heavy Plow
Connection lost

Rejoining the realm…

Still unreachable

The connection could not be restored.

Session expired

The server has moved on; the page needs a fresh start.